 Dungeon Sprint DCSS version 0.20-a0-1039-gf554463 (webtiles) character file.

72 Dipster the Cleaver (level 9, -1/86 HPs)
             Began as a Deep Dwarf Fighter on Apr 22, 2017.
             Was an Initiate of Gozag.
             Slain by a tarantella (11 damage)
             ... in the Dungeon (Sprint VI: "Thunderdome").
             The game lasted 00:05:44 (573 turns).

Dipster the Cleaver (Deep Dwarf Fighter)             Turns: 573, Time: 00:05:45

Health: -1/86      AC:  8    Str: 37    XL:     9   Next: 11%
Magic:  19/19      EV:  7    Int: 11    God:    Gozag
Gold:   127        SH:  0    Dex:  9    Spells: 25/25 levels left

rFire    + . .     SeeInvis .   a - +0 war axe
rCold    . . .     Gourm    .   (no shield)
rNeg     + . .     Faith    .   b - +0 scale mail
rPois    +         Spirit   .   (no helmet)
rElec    +         Reflect  .   (no cloak)
rCorr    .         Harm     +   (no gloves)
MR       +....     NoTele   +   (no boots)
Stlth    ..........             p - amulet "Pozi" {Harm *Drain Fragile rPois Str+8}
Regen    0.0/turn               q - ring "Uraca" {rElec rPois rF+ rN+ Dex-3}
MPRegen  0.2/turn               r - ring "Piodotri" {+Blink Str+6 Int+2}

@: confused, held, non-regenerating
A: damage resistance, heal wounds, sense surroundings 2, no regeneration
a: Heal Wounds, Potion Petition, Call Merchant, Bribe Branch, Renounce Religion,
Evoke Blink


You were in the Dungeon.
You worshipped Gozag.
Gozag was aware of your devotion.
You were not hungry.

You visited 1 branch You collected 1012 gold pieces.
You spent 885 gold pieces at shops.

Inventory:

Hand Weapons
 a - a +0 war axe (weapon)
 u - a +3 quarterstaff of chaos
Armour
 b - a +0 scale mail (worn)
 c - a +0 shield
 v - a +0 cloak
Jewellery
 p - the amulet "Pozi" (around neck) {Harm *Drain Fragile rPois Str+8}
   (You bought it in a shop in the Dungeon)

   [amulet of harm]

   It increases damage dealt and taken.
   It affects your strength (+8).
   It protects you from poison.
   It causes draining when unequipped.
   It will be destroyed if unequipped.
 q - the ring "Uraca" (left hand) {rElec rPois rF+ rN+ Dex-3}
   (You bought it in a shop in the Dungeon)

   [ring of positive energy]

   It affects your dexterity (-3).
   It protects you from fire.
   It insulates you from electricity.
   It protects you from poison.
   It protects you from negative energy.
 r - the ring "Piodotri" (right hand) {+Blink Str+6 Int+2}
   (You bought it in a shop in the Dungeon)

   [ring of intelligence]

   It affects your strength (+6).
   It affects your intelligence (+2).
   It lets you blink.
 s - the ring "Zoithihi" {rElec rF+ Dex+2}
   (You bought it in a shop in the Dungeon)

   [ring of protection from fire]

   It affects your dexterity (+2).
   It protects you from fire.
   It insulates you from electricity.
Wands
 m - a wand of acid (5/15)
 n - a wand of iceblast (5/15)
Scrolls
 k - 4 scrolls of blinking
 o - 3 scrolls of fog
Potions
 g - a potion of heal wounds
 h - 4 potions of haste
 i - 2 potions of magic
 j - a potion of berserk rage
 l - a potion of resistance
Comestibles
 f - a bread ration


   Skills:
 - Level 7.1 Fighting
 * Level 12.3 Axes
 + Level 9.2 Armour
 + Level 8.6 Dodging
 - Level 3.2 Shields
 - Level 8.6 Spellcasting


You had 25 spell levels left.
You didn't know any spells.

Dungeon Overview and Level Annotations

Branches:
Dungeon (1/1)

Altars:
Cheibriados
Dithmenos
Fedhas
Gozag
Kikubaaqudgha
Makhleb
Okawaru
Qazlal
Ru
Sif Muna
Trog
Uskayaw
Vehumet
Wu Jian
Xom
Yredelemnul
Zin
The Shining One
Beogh
Jiyva
Lugonu

Shops:
D *[%??*?*:[((!!!!


Innate Abilities, Weirdness & Mutations

You are resistant to damage.
You can heal yourself by infusing magical energy.
You passively map the area around you.
You do not regenerate.


Message History

Okay, then.
You slash the tarantella!
The tarantella is severely wounded.
The tarantella bites you! The tarantella bites you.
The jumping spider pounces on you!
* * * LOW HITPOINT WARNING * * *
You are caught in a web!
The jumping spider bites you.
The tarantella bites you but does no damage.
There is a web here.
The web tears apart.
The jumping spider pounces on you.
* * * LOW HITPOINT WARNING * * *
You are caught in a web!
The jumping spider bites you.
* * * LOW HITPOINT WARNING * * *
The tarantella bites you but does no damage.
The jumping spider pounces on you.
* * * LOW HITPOINT WARNING * * *
The jumping spider bites you but does no damage.
The tarantella bites you!
You die...
Your body crumbles into a pile of gold.

#_......._# #.........#
###...).....###
#⌠...........⌠#
#.8.....)...8.######
......###...)..___∩##
....8.# #.8..$.....∩###
......###....$.s......##
...###...###....@s....⌠#
...# #.<.# #..........⌠#
...###...###..........⌠#
......###.............##
....8.# #.8........∩###
....[.###......___∩##
#.8......[..8.######
#⌠...........⌠#
###.........###


You could see a jumping spider and a tarantella.

Vanquished Creatures
  A jumping spider (D)
  A blink frog (D)
  A dream sheep (D)
  A redback (D)
  2 porcupines (D)
  2 scorpions (D)
  A hound (D)
  Crazy Yiuf (D)
  2 gnoll shamans (D)
  A hell rat (D)
  2 gnolls (D)
  A worm (D)
  An orc (D)
  A ball python (D)
  A bat (D)
  A giant cockroach (D)
20 creatures vanquished.

Notes
Turn   | Place    | Note
-------+----------+-------------------------------------------
     0 | D        | Dipster the Deep Dwarf Fighter began the quest for the Orb.
     0 | D        | Reached XP level 1. HP: 20/20 MP: 1/1
     1 | D        | Found a corrupted altar of Lugonu.
     2 | D        | Found an iron altar of Okawaru.
     2 | D        | Found a shadowy altar of Dithmenos.
     3 | D        | Found a viscous altar of Jiyva.
     3 | D        | Found a radiant altar of Vehumet.
     4 | D        | Found a sacrificial altar of Ru.
     4 | D        | Found Lal Ung's Staff Store.
     4 | D        | Found Uweku's Magic Scroll Shop.
     5 | D        | Found a hide-covered altar of Uskayaw.
     5 | D        | Found Erchemiti's Must-Have Magic.
     5 | D        | Found Raoruch's Magic Scroll Shop.
     5 | D        | Round 1.
    28 | D        | Found a blossoming altar of Fedhas.
    32 | D        | Found a deep blue altar of Sif Muna.
    32 | D        | Found a stormy altar of Qazlal.
    32 | D        | Found Exit's Bee Food.
    32 | D        | Found Qoigod's Jewellery.
    33 | D        | Found Yhewniv's Advanced Armour.
    38 | D        | Found Hyodirus's Identification Station.
    38 | D        | Found an opulent altar of Gozag.
    38 | D        | Found a glowing golden altar of the Shining One.
    38 | D        | Found a basalt altar of Yredelemnul.
    39 | D        | Bought a slimy silver amulet for 45 gold pieces
    39 | D        | Bought a steaming lapis lazuli ring for 45 gold pieces
    39 | D        | Bought a heavily runed pewter ring for 45 gold pieces
    39 | D        | Bought a heavily runed golden ring for 45 gold pieces
    39 | D        | Identified the amulet "Pozi" {Harm *Drain Fragile rPois Str+8} (You bought it in a shop in the Dungeon)
    40 | D        | Identified the ring "Uraca" {rElec rPois rF+ rN+ Dex-3} (You bought it in a shop in the Dungeon)
    41 | D        | Identified the ring "Piodotri" {+Blink Str+6 Int+2} (You bought it in a shop in the Dungeon)
    43 | D        | Identified the ring "Zoithihi" {rElec rF+ Dex+2} (You bought it in a shop in the Dungeon)
    52 | D        | Reached skill level 3 in Axes
    52 | D        | Reached skill level 1 in Dodging
    59 | D        | Found an ornate altar of the Wu Jian Council.
    68 | D        | Found a burning altar of Makhleb.
    68 | D        | Found Nypeon's Premium Goods.
   119 | D        | Found a roughly hewn altar of Beogh.
   119 | D        | Found a shimmering altar of Xom.
   119 | D        | Found a bloodstained altar of Trog.
   119 | D        | Found Zare's Weapon Rack.
   121 | D        | Arena points: 12 (+12) [x2]
   121 | D        | Reached skill level 4 in Axes
   121 | D        | Reached XP level 2. HP: 20/27 MP: 2/2
   130 | D        | Became a worshipper of Gozag Ym Sagoz the Greedy
   140 | D        | Found Naamury's Miscellaneous Merchandise.
   140 | D        | Found Ocrabb's Basic Armour.
   152 | D        | Round 2.
   188 | D        | Found an ancient bone altar of Kikubaaqudgha.
   192 | D        | Reached skill level 5 in Axes
   192 | D        | Reached XP level 3. HP: 13/33 MP: 3/3
   193 | D        | Found a glowing silver altar of Zin.
   221 | D        | Reached skill level 6 in Axes
   221 | D        | Reached skill level 5 in Armour
   224 | D        | Found a snail-covered altar of Cheibriados.
   225 | D        | Found Efitiy's Do-It-Yourself Clinic.
   226 | D        | Found Durgh's Bottled Wisdom.
   226 | D        | Found Tuteism's Distillery.
   231 | D        | Found Soesch's Distillery.
   266 | D        | Noticed Crazy Yiuf
   272 | D        | Killed Crazy Yiuf
   272 | D        | Reached skill level 7 in Axes
   272 | D        | Reached XP level 4. HP: 37/40 MP: 4/4
   290 | D        | Arena points: 54 (+42) [x3]
   290 | D        | Reached skill level 8 in Axes
   290 | D        | Reached skill level 5 in Dodging
   290 | D        | Reached XP level 5. HP: 40/46 MP: 5/5
   317 | D        | Bought a potion of experience for 300 gold pieces
   317 | D        | Reached XP level 6. HP: 48/55 MP: 5/17
   324 | D        | Bought 3 potions of heal wounds for 105 gold pieces
   324 | D        | Round 3.
   324 | D        | Noticed a dream sheep
   326 | D        | Noticed a blink frog
   339 | D        | Killed a dream sheep
   339 | D        | Reached skill level 9 in Axes
   365 | D        | Killed a blink frog
   365 | D        | Reached skill level 10 in Axes
   365 | D        | Reached XP level 7. HP: 23/61 MP: 13/18
   414 | D        | Reached skill level 11 in Axes
   426 | D        | Noticed a basilisk
   436 | D        | Arena points: 72 (+18) [x1]
   450 | D        | Bought a potion of experience for 300 gold pieces
   450 | D        | Reached XP level 8. HP: 48/80 MP: 19/19
   451 | D        | Round 4.
   501 | D        | Noticed a jumping spider
   535 | D        | Gained mutation: You passively map the area around you. [Deep Dwarf growth]
   535 | D        | Reached XP level 9. HP: 8/86 MP: 19/19
   538 | D        | Killed a jumping spider
   538 | D        | Reached skill level 12 in Axes
   551 | D        | Noticed a jumping spider
   573 | D        | Slain by a tarantella

Vault maps used:
D:        arena_sprint

Skill      XL: |  1  2  3  4  5  6  7  8  9 |
---------------+----------------------------+-----
Axes           | 4 5 7 8 10 11 12 | 12.3
Dodging        | 1 3 4 5 7 8 |  8.6
Armour         | 4 5 6 7 8 9 |  9.2
Spellcasting   | 8 |  8.6
Fighting       | 7 |  7.1
Shields        | |  3.2

Action                   |  1- 3 |  4- 6 |  7- 9 || total
-------------------------+-------+-------+-------++-------
Melee: War axe           |    27 |    30 |    38 ||    95
 Abil: Heal Wounds       |       |     1 |     5 ||     6
  Use: Potion            |     1 |     1 |     8 ||    10
Armor: Scale mail        |     7 |     5 |    28 ||    40
Dodge: Dodged            |     8 |     8 |    35 ||    51
Block: Shield            |    15 |    11 |       ||    26
